 Dungeon Sprint DCSS version 0.30-a0-738-g116ff8c4af (webtiles) character file.

Game seed: 1227617214034361115

40751 BigDaddyOpFi the End of an Era (level 13, -4/121 HPs)
             Began as a Demonspawn Fighter on Feb 3, 2023.
             Was the Champion of Qazlal.
             Killed by divine providence
             ... invoked by Saint Roka
              (14 damage)
             ... in the Dungeon (Sprint IX: "|||||||||||||||||||||||||||||").
             The game lasted 00:07:59 (4628 turns).

BigDaddyOpFi the End of an Era (Demonspawn Fighter) Turns: 4628, Time: 00:07:59

Health: -4/121     AC: 33    Str: 21    XL:     13   Next: 76%
Magic:  25/27      EV: 10    Int: 10    God:    Qazlal [******]
Gold:   562        SH: 16    Dex: 13    Spells: 12/12 levels left

rFire   . . .      SeeInvis .    B - +4 broad axe (heavy)
rCold   . . .      Faith    .    c - +0 buckler
rNeg    . . .      Spirit   .    q - +8 chain mail
rPois   .          Reflect  .    n - +0 helmet
rElec   .          Harm     .    u - +0 cloak
rCorr   .          Rampage  .    F - +1 pair of gloves
Will    .....      NoTele   +    E - +1 pair of boots Stlth
                                 (no amulet)
HPRegen 0.40/turn                o - +2 ring of evasion
MPRegen 0.40/turn                b - +4 ring of slaying

@: hasted, repel missiles, very quick
A: hooves 1, slimy green scales 2, demonic guardian 1, magic regeneration
a: Renounce Religion, Upheaval, Elemental Force, Disaster Area


You were in the Dungeon.
You worshipped Qazlal.
Qazlal was exalted by your worship.
You visited 1 branch You collected 1576 gold pieces.
You spent 1014 gold pieces at shops.

Inventory:

Hand Weapons
 a - a +0 war axe
 m - a +1 heavy broad axe
 v - a +3 demon trident
 B - a +4 heavy broad axe (weapon)
 C - the +10 glaive of Hell's Wrath {antimagic, Fly Dex+4 Stlth-}
   (You found it in the Dungeon)

   Dex:       It affects your dexterity (+4).
   Fly:       It grants you flight.
   Stlth:     It makes you less stealthy.
Armour
 c - a +0 buckler (worn)
 n - a +0 helmet (worn)
 q - a +8 chain mail (worn)
 u - a +0 cloak (worn)
 E - a +1 pair of boots (worn)
 F - a +1 pair of gloves (worn)
 H - +1 fire dragon scales
Jewellery
 b - a +4 ring of slaying (right hand)
 o - a +2 ring of evasion (left hand)
 p - a +2 ring of protection
 x - a ring of protection from cold
 y - a ring of resist corrosion
 z - a ring of protection from fire
 A - a ring of fire
Wands
 l - a wand of roots (5) (quivered)
Scrolls
 d - 5 scrolls of enchant armour
 f - a scroll of identify
 j - 2 scrolls of blinking
 k - 3 scrolls of amnesia
 r - 3 scrolls of fog
Potions
 g - a potion of haste
 h - 3 potions of magic
 i - 2 potions of berserk rage
 G - 2 potions of brilliance


   Skills:
 + Level 17.5 Fighting
 + Level 16.1 Axes
 + Level 16.1 Armour
 + Level 16.2 Shields
 * Level 21.9 Invocations


You had 12 spell levels left.
You didn't know any spells.
Your spell library was empty.

Dungeon Overview and Level Annotations

Branches:
Dungeon (1/1)

Altars:
Cheibriados
Dithmenos
Fedhas
Gozag
Hepliaklqana
Kikubaaqudgha
Makhleb
Nemelex Xobeh
Okawaru
Qazlal
Ru
Sif Muna
Trog
Uskayaw
Vehumet
Wu Jian
Xom
Yredelemnul
Jiyva
Lugonu

Shops:
D *=*[

Annotations:
D Saint Roka


Innate Abilities, Weirdness & Mutations

You have large cloven feet.
You are mostly covered in slimy green scales. (AC +3)
A weak demonic guardian rushes to your aid.
You regenerate magic rapidly.


Message History

Saint Roka calls down the wrath of Beogh upon you.
Beogh smites you!
You slash Saint Roka!
Saint Roka is moderately wounded.
Saint Roka hits you but does no damage.
You slash Saint Roka!
Saint Roka is moderately wounded.
Saint Roka hits you but does no damage.
You barely miss Saint Roka.
Saint Roka is moderately wounded.
You block Saint Roka's attack. x2
You slash Saint Roka!
Saint Roka is moderately wounded.
You block Saint Roka's attack.
You slice Saint Roka like a ripe choko!!!
Saint Roka is heavily wounded.
Saint Roka hits you with a +1 great sword of holy wrath.
You convulse.
You completely miss Saint Roka.
Saint Roka is heavily wounded.
Saint Roka mumbles some strange prayers to Beogh against you.
Beogh smites you!
You slash Saint Roka!
Saint Roka is heavily wounded.
Saint Roka mumbles some strange prayers to Beogh against you.
Beogh smites you! You block Saint Roka's attack.
You carve Saint Roka like a ham!!!
Saint Roka is severely wounded.
You block Saint Roka's attack.
You slice Saint Roka!!
Saint Roka is severely wounded.
Saint Roka hits you with a +1 great sword of holy wrath!!
* * * LOW HITPOINT WARNING * * *
You convulse!!
* * * LOW HITPOINT WARNING * * *
A demonic guardian appears!
You feel yourself speed up.
Saint Roka mumbles some strange prayers to Beogh against you.
Beogh smites you!
You die...

♣.♣.▓.▓.▓.▓.▓.▓.
▓)♣.♣.▓.▓.▓.▓.▓'▓.
▓)▓'▓.▓.▓.▓.▓.▓.▓.
▓.▓.▓.▓.▓.▓.▓.▓.▓.
▓)▓.▓.▓.▓.▓.▓.▓.▓.
▓.▓.▓.▓'▓.▓'▓)▓.▓.
▓4▓.▓.▓.▓.▓.▓†▓[▓.
▓o▓.▓.▓.▓.▓.▓.▓[▓.
▓@▓.▓.▓.▓.▓.▓.▓.▓.
▓.▓.▓.▓.▓.▓.▓.▓.▓.
▓.▓.▓.▓.▓.▓.▓.▓'▓.
▓.▓.▓.▓.▓.▓.▓.▓.▓.
▓.▓.▓.▓.▓.▓.▓.▓.▓.
▓.▓.▓.▓.▓.▓.▓.▓.▓.
▓...▓...▓...▓...▓.
▓▓▓▓▓▓▓▓▓▓▓▓▓▓▓▓▓▓


You could see Saint Roka (ally target) and a friendly ice devil (summoned).

Vanquished Creatures
  Gastronok (D)
  A fire giant (D)
  A ghost moth (D)
  An eleionoma (D)
  A bunyip (D)
  A dire elephant (D)
  A shambling mangrove (D)
  2 merfolk impalers (D)
  Josephine (D)
  An ettin (D)
  A fire dragon (D)
  2 ogre magi (D)
  An ice dragon (D)
  A catoblepas (D)
  A boulder beetle (D)
  A centaur warrior (D)
  A radroach (D)
  An alligator (D)
  A two-headed ogre (D)
  2 deep troll shamans (D)
  An orc high priest (D)
  A skeletal warrior (D)
  2 goliath frogs (D)
  A swamp dragon (D)
  A sea snake (D)
  11 orc knights (D)
  A harpy (D)
  A deep elf pyromancer (D)
  2 steelbarb worms (D)
  A wolf spider (D)
  A salamander (D)
  2 ugly things (D)
  3 manticores (D)
  An orc sorcerer (D)
  A moth of wrath (D)
  7 elephants (D)
  2 guardian serpents (D)
  5 black mambas (D)
  A demonic crawler (D)
  A naga mage (D)
  A cane toad (D)
  A torpor snail (D)
  An efreet (D)
  A rime drake (D)
  2 hornets (D)
  2 merfolk (D)
  A tyrant leech (D)
  A blink frog (D)
  A snapping turtle (D)
  A shadow (D)
  A slime creature (D)
  4 wraiths (D)
  3 basilisks (D)
  4 yaks (D)
  Grum (D)
  A warg (D)
  A naga (D)
  5 water moccasins (D)
  18 orc warriors (D)
  A black bear (D)
  An ogre (D)
  3 wolves (D)
  A centaur (D)
  A kobold brigand (D)
  2 scorpions (D)
  4 bullfrogs (D)
  A killer bee (D)
  2 hounds (D)
  2 orc priests (D)
  7 orc wizards (D)
  An adder (D)
  A dart slug (D)
  3 orcs (D)
  A goblin (D)
  A hobgoblin (D)
  A kobold (D)
  A frilled lizard (D)
153 creatures vanquished.

Vanquished Creatures (collateral kills)
  Urug (D)
  Sonja (D)
2 creatures vanquished.

Vanquished Creatures (others)
  A swamp drake (D)
1 creature vanquished.

Grand Total: 156 creatures vanquished

Notes
Turn   | Place    | Note
-------+----------+-------------------------------------------
     0 | D        | BigDaddyOpFi the Demonspawn Fighter began the quest for the
                  | Orb.
     0 | D        | Reached XP level 1. HP: 18/18 MP: 1/1
    85 | D        | Noticed a hound
    85 | D        | Noticed a scorpion
    85 | D        | Noticed a hound
    85 | D        | Noticed a scorpion
    91 | D        | Killed a hound
    92 | D        | Gained mutation: You are partially covered in slimy green
                  | scales. (AC +2) [demonic ancestry]
    92 | D        | Reached XP level 2. HP: 21/26 MP: 2/2
    92 | D        | Gained mutation: You have large cloven feet. [demonic
                  | ancestry]
    92 | D        | Reached XP level 3. HP: 26/31 MP: 3/3
    94 | D        | Killed a scorpion
    95 | D        | Reached skill level 5 in Fighting
    95 | D        | Reached XP level 4. HP: 34/39 MP: 4/4
    98 | D        | Reached skill level 5 in Shields
   100 | D        | Reached skill level 5 in Armour
   100 | D        | Gained mutation: You regenerate magic rapidly. [demonic
                  | ancestry]
   100 | D        | Reached XP level 5. HP: 42/46 MP: 5/5
   102 | D        | Reached skill level 5 in Axes
   108 | D        | Found a snail-covered altar of Cheibriados.
   108 | D        | Found a shadowy altar of Dithmenos.
   108 | D        | Found a blossoming altar of Fedhas.
   108 | D        | Found an opulent altar of Gozag.
   109 | D        | Found a hazy altar of Hepliaklqana.
   110 | D        | Found a viscous altar of Jiyva.
   111 | D        | Found an ancient bone altar of Kikubaaqudgha.
   112 | D        | Found a corrupted altar of Lugonu.
   113 | D        | Found a burning altar of Makhleb.
   114 | D        | Found a sparkling altar of Nemelex Xobeh.
   115 | D        | Found an iron altar of Okawaru.
   116 | D        | Found a stormy altar of Qazlal.
   117 | D        | Found a sacrificial altar of Ru.
   118 | D        | Found a shimmering blue altar of Sif Muna.
   119 | D        | Found a bloodstained altar of Trog.
   120 | D        | Found a hide-covered altar of Uskayaw.
   121 | D        | Found a radiant altar of Vehumet.
   122 | D        | Found an ornate altar of the Wu Jian Council.
   123 | D        | Found a shimmering altar of Xom.
   124 | D        | Became a worshipper of Qazlal Stormbringer
   125 | D        | Found a basalt altar of Yredelemnul.
   177 | D        | Noticed a yak
   177 | D        | Noticed a centaur
   177 | D        | Noticed a shadow
   177 | D        | Noticed a yak
   181 | D        | Gained mutation: A weak demonic guardian rushes to your
                  | aid. [demonic ancestry]
   181 | D        | Reached XP level 6. HP: 50/55 MP: 6/6
   183 | D        | Killed a yak
   183 | D        | Reached * piety under Qazlal
   187 | D        | Reached XP level 7. HP: 39/62 MP: 7/7
   189 | D        | Killed a shadow
   191 | D        | Killed a yak
   191 | D        | Reached ** piety under Qazlal
   329 | D        | Noticed a basilisk
   329 | D        | Noticed a slime creature
   329 | D        | Noticed an efreet
   329 | D        | Noticed a two-headed ogre
   329 | D        | Noticed a white ugly thing
   332 | D        | Killed a basilisk
   335 | D        | Killed a slime creature
   336 | D        | Reached XP level 8. HP: 61/71 MP: 8/8
   343 | D        | Killed an efreet
   343 | D        | Reached *** piety under Qazlal
   344 | D        | Reached skill level 10 in Fighting
   365 | D        | Killed a two-headed ogre
   366 | D        | Reached XP level 9. HP: 65/79 MP: 9/9
   369 | D        | Killed a white ugly thing
   370 | D        | Reached skill level 10 in Axes
   370 | D        | Reached skill level 10 in Armour
   370 | D        | Reached skill level 10 in Shields
   560 | D        | Reached **** piety under Qazlal
   561 | D        | Noticed a cane toad
   569 | D        | Reached ***** piety under Qazlal
   579 | D        | Killed a cane toad
   830 | D        | Noticed a catoblepas
   835 | D        | Noticed a black mamba
   839 | D        | Noticed a rime drake
   850 | D        | Killed a catoblepas
   851 | D        | Gained mutation: You are mostly covered in slimy green
                  | scales. (AC +3) [demonic ancestry]
   851 | D        | Reached XP level 10. HP: 42/90 MP: 10/10
   859 | D        | Killed a black mamba
   863 | D        | Reached ****** piety under Qazlal
  1153 | D        | Noticed an elephant
  1153 | D        | Noticed an elephant
  1153 | D        | Noticed an elephant
  1153 | D        | Noticed an elephant
  1153 | D        | Noticed an elephant
  1153 | D        | Noticed a dire elephant
  1159 | D        | Killed an elephant
  1160 | D        | Reached skill level 2 in Invocations
  1160 | D        | Noticed an elephant
  1162 | D        | Noticed an elephant
  1178 | D        | Killed a dire elephant
  1179 | D        | Reached skill level 5 in Invocations
  1181 | D        | Killed an elephant
  1183 | D        | Killed an elephant
  1184 | D        | Reached skill level 6 in Invocations
  1190 | D        | Killed an elephant
  1191 | D        | Reached skill level 7 in Invocations
  1195 | D        | Killed an elephant
  1199 | D        | Killed an elephant
  1200 | D        | Reached skill level 8 in Invocations
  1200 | D        | Reached XP level 11. HP: 63/98 MP: 15/17
  1472 | D        | Noticed Grum
  1481 | D        | Killed Grum
  1482 | D        | Reached skill level 9 in Invocations
  1519 | D        | Noticed Gastronok
  1521 | D        | Noticed Urug
  1542 | D        | Killed Gastronok
  1543 | D        | Reached skill level 10 in Invocations
  1544 | D        | Killed Urug
  1710 | D        | Noticed an orc sorcerer
  1712 | D        | Killed an orc sorcerer
  1713 | D        | Reached skill level 11 in Invocations
  1719 | D        | Noticed an orc knight
  1743 | D        | Killed an orc knight
  1992 | D        | Noticed an orc knight
  1995 | D        | Reached skill level 12 in Invocations
  1997 | D        | Noticed an orc high priest
  1998 | D        | Noticed an orc knight
  2000 | D        | Killed an orc high priest
  2003 | D        | Killed an orc knight
  2017 | D        | Killed an orc knight
  2018 | D        | Reached skill level 13 in Invocations
  2271 | D        | Found Honaxaji's Assorted Antiques.
  2271 | D        | Noticed an orc knight
  2271 | D        | Noticed an orc knight
  2271 | D        | Noticed an orc knight
  2273 | D        | Killed an orc knight
  2273 | D        | Killed an orc knight
  2273 | D        | Killed an orc knight
  2274 | D        | Reached skill level 14 in Invocations
  2274 | D        | Noticed an orc knight
  2275 | D        | Found Jouxzot's Jewellery Shoppe.
  2275 | D        | Noticed an orc knight
  2277 | D        | Found Gapliewn's Assorted Antiques.
  2277 | D        | Noticed an orc knight
  2279 | D        | Found Qeuthreohi's Armour Shoppe.
  2280 | D        | Killed an orc knight
  2281 | D        | Reached XP level 12. HP: 100/108 MP: 6/22
  2286 | D        | Reached skill level 15 in Fighting
  2300 | D        | Reached skill level 15 in Invocations
  2641 | D        | Bought a +4 ring of slaying for 1014 gold pieces
  2679 | D        | Noticed Josephine
  2690 | D        | Killed Josephine
  3033 | D        | Got the +10 glaive of Hell's Wrath {antimagic, Fly Dex+4
                  | Stlth-}
  3113 | D        | Noticed an ogre mage
  3113 | D        | Noticed an ogre mage
  3117 | D        | Reached skill level 16 in Invocations
  3120 | D        | Noticed a centaur warrior
  3121 | D        | Killed an ogre mage
  3121 | D        | Killed an ogre mage
  3121 | D        | Killed a centaur warrior
  3122 | D        | Reached skill level 17 in Invocations
  3122 | D        | Noticed a deep troll shaman
  3124 | D        | Noticed a fire giant
  3126 | D        | Noticed an ettin
  3128 | D        | Noticed a fire dragon
  3133 | D        | Killed a deep troll shaman
  3133 | D        | Killed a fire dragon
  3133 | D        | Killed an ettin
  3135 | D        | Noticed an ice dragon
  3137 | D        | Noticed a deep troll shaman
  3140 | D        | Killed a fire giant
  3141 | D        | Reached skill level 18 in Invocations
  3144 | D        | Killed an ice dragon
  3159 | D        | Killed a deep troll shaman
  3160 | D        | Reached skill level 15 in Shields
  3453 | D        | Noticed Sonja
  3462 | D        | Killed Sonja
  3463 | D        | Reached skill level 15 in Armour
  3463 | D        | Reached XP level 13. HP: 11/118 MP: 26/26
  3803 | D        | Reached skill level 15 in Axes
  3803 | D        | Reached skill level 19 in Invocations
  3985 | D        | Reached skill level 20 in Invocations
  3991 | D        | Killed a ghost moth
  4222 | D        | Noticed a merfolk impaler
  4224 | D        | Killed a merfolk impaler
  4226 | D        | Noticed a merfolk impaler
  4231 | D        | Reached skill level 21 in Invocations
  4240 | D        | Killed a merfolk impaler
  4382 | D        | Noticed a bunyip
  4382 | D        | Noticed an eleionoma
  4387 | D        | Killed a bunyip
  4389 | D        | Killed an eleionoma
  4610 | D        | Noticed Saint Roka
  4628 | D        | Killed from afar by Saint Roka

Illustrated notes

Levels and vault maps discovered:
D:        linesprint [early_d, line_temple, items_1, d_10, items_2, lair_1,
          lair_end, items_3, orc_1, orc_end, items_4, d_15, swamp_1, shoals_1,
          snake_1, spider_1, d_20, vaults_1, items_5, swamp_end, shoals_end,
          snake_end, spider_end, vaults_end, d_27, items_6, zot_1, zot_end,
          crypt_end, forest_end, elf_end, slime_end, tomb_end, abyss_end,
          pan_hell_end]

Skill      XL: |  1  2  3  4  5  6  7  8  9 10 11 12 13 |
---------------+----------------------------------------+-----
Axes           | 3 4 6 7 8 9 11 12 13 14 16 | 16.1
Armour         | 3 4 5 6 7 8 9 11 12 13 15 16 | 16.1
Shields        | 4 5 6 7 8 9 11 12 13 15 16 | 16.2
Fighting       | 4 5 7 8 9 10 12 13 14 16 17 | 17.5
Invocations    | 8 14 18 21 | 21.9

Action                     |  1- 3 |  4- 6 |  7- 9 | 10-12 | 13-15 || total
---------------------------+-------+-------+-------+-------+-------++-------
  Melee: War axe           |    24 |     7 |       |       |       ||    31
         Kick              |     2 |     2 |    22 |    55 |       ||    81
         Broad axe         |       |     7 |    59 |   178 |    73 ||   317
 Invoke: Disaster Area     |       |       |       |     9 |     6 ||    15
  Evoke: Wand              |       |     2 |     3 |       |       ||     5
    Use: Potion            |     1 |       |     6 |    11 |     2 ||    20
         Scroll            |       |       |     7 |       |       ||     7
   Stab: Invisible         |       |       |     1 |       |       ||     1
         Distracted        |       |       |       |     1 |       ||     1
 Armour: Scale mail        |    15 |     2 |       |       |       ||    17
         Chain mail        |       |    11 |    41 |    91 |    47 ||   190
  Dodge: Dodged            |     6 |     8 |    14 |    51 |    18 ||    97
         Repelled          |       |       |       |     1 |     1 ||     2
  Block: Buckler           |     5 |     6 |    32 |   146 |    66 ||   255

Table legend: (Time is in decaauts)
 A = Elapsed time spent in this place.
 B = Non-inter-level travel time spent in this place.
 C = Inter-level travel time spent in this place.
 D = Time resting spent in this place.
 E = Time spent auto-exploring this place.
 F = Levels seen in this place.
 G = Mean time per level.
                   A        B        C        D        E       F      G
               +--------+--------+--------+--------+--------+-----+--------+
         Total |   4789 |   4789 |      0 |   3265 |      0 |   1 | 4789.0 |
       Dungeon |   4789 |   4789 |      0 |   3265 |      0 |   1 | 4789.0 |
               +--------+--------+--------+--------+--------+-----+--------+

Top non-repeatable levels by time:
       D: 4789 daAuts
